 Dungeon Crawl Stone Soup version 0.18-a0-1805-g8ab820f (webtiles) character file.

2390 varam the Nimble (level 9, 0/71 HPs)
             Began as a Purple Draconian Skald on Apr 25, 2016.
             Was a Priest of Vehumet.
             Slain by an orc warrior
             ... wielding a +0 trident
              (17 damage)
             ... on level 7 of the Dungeon.
             The game lasted 00:23:21 (7310 turns).

varam the Nimble (Purple Draconian Skald)           Turns: 7310, Time: 00:23:22

Health: 0/71       AC:  8    Str: 17    XL:     9   Next: 22%
Magic:  3/12       EV: 18    Int: 13    God:    Vehumet [***...]
Gold:   256        SH:  0    Dex: 11    Spells: 3 memorised, 6 levels left

rFire  . . .     SeeInvis .     o - +1 war axe (chop)
rCold  . . .     Gourm    .     (armour unavailable)
rNeg   . . .     Faith    .     (no shield)
rPois  .         Spirit   .     (helmet restricted)
rElec  .         Dismiss  .     (no cloak)
rCorr  .         Reflect  .     p - +0 pair of gloves
SustAt .         Harm     .     (no boots)
MR     ++...                    (no amulet)
Stlth  +.........               k - ring of protection from magic
                                d - +2 ring of evasion

@: infused (expiring), singing, very slightly contaminated, very resistant to
hostile enchantments, very unstealthy
A: breathe power, unfitting armour, cold-blooded, AC +7
a: Breathe Dispelling Energy, Renounce Religion, Stop Singing


You were on level 7 of the Dungeon.
You worshipped Vehumet.
Vehumet was most pleased with you.
You were not hungry.

You visited 1 branch of the dungeon, and saw 7 of its levels.

You collected 352 gold pieces.
You spent 96 gold pieces at shops.

Inventory:

Hand Weapons
 a - a +0 falchion
 o - a +1 war axe of chopping (weapon)
Armour
 p - a +0 pair of gloves (worn)
Jewellery
 d - a +2 ring of evasion (left hand)
 k - a ring of protection from magic (right hand)
 s - an uncursed ring of resist corrosion
 C - an uncursed ring of see invisible
Wands
 c - a wand of flame (14/48)
 z - a wand of polymorph (15/24)
Scrolls
 e - 2 scrolls of identify {unknown}
 f - a scroll of noise {unknown}
 h - a scroll of fear {unknown}
 l - 2 scrolls of remove curse {unknown}
 n - a scroll of fog {unknown}
 r - a scroll of enchant weapon {unknown}
 u - 2 scrolls of enchant armour {unknown}
 w - a scroll of vulnerability {unknown}
 x - a scroll of amnesia {unknown}
 y - a scroll of magic mapping {unknown}
 A - a scroll of blinking {unknown}
 G - a scroll of teleportation {unknown}
Potions
 g - 2 potions of ambrosia {unknown}
 i - a potion of brilliance {unknown}
 j - a potion of heal wounds {unknown}
 q - 5 potions of curing {unknown}
 v - a potion of mutation {unknown}
 E - a potion of agility {unknown}
 F - a potion of cure mutation {unknown}
Books
 b - a book of Battle

   Spells                             Type                      Level
   a - Infusion                       Charms                       1
   b - Shroud of Golubria             Charms/Translocation         2
   c - Song of Slaying                Charms                       2
   d - Spectral Weapon                Hexes/Charms                 3
   e - Regeneration                   Charms/Necromancy            3
Comestibles
 m - a bread ration
 t - 7 meat rations
 B - a slice of pizza
 D - 4 fruits
 H - 4 chunks of flesh


   Skills:
 * Level 4.1 Fighting
 - Level 2.0 Long Blades
 + Level 9.1 Dodging
 - Level 2.4 Spellcasting
 - Level 8.2 Charms


You had 6 spell levels left.
You knew the following spells:

 Your Spells              Type           Power        Failure   Level  Hunger
a - Infusion              Chrm           ###.         1%          1    #......
b - Regeneration          Chrm/Necr      ##........   14%         3    ###....
c - Song of Slaying       Chrm           ###.....     1%          2    ###....


Dungeon Overview and Level Annotations

Branches:
Dungeon (7/15)             Temple (0/1) D:5

Altars:
Makhleb
Sif Muna
Vehumet
The Shining One

Shops:
D:5 *


Innate Abilities, Weirdness & Mutations

You can breathe bolts of dispelling energy.
Your rich purple scales are hard (AC +7).
Your body does not fit into most forms of armour.
You are cold-blooded and may be slowed by cold attacks.


Message History

Vehumet accepts your kill. The orc warrior barely misses you.
The orc warrior completely misses you.
The orc warrior hits you with a trident!
* * * LOW HITPOINT WARNING * * *
You see here a chain mail.
You are too injured to fight recklessly!
You are too injured to fight recklessly!
You closely miss the orc warrior. The orc warrior misses you.
You closely miss the orc warrior. The orc warrior barely misses you.
You closely miss the orc warrior. The orc warrior misses you.
The orc warrior barely misses you.
You closely miss the orc warrior.
Your magical infusion is running out.
The orc warrior hits you with a trident.
* * * LOW HITPOINT WARNING * * *
You hit the orc warrior!
The orc warrior is moderately wounded.
The orc warrior barely misses you.
The orc warrior hits you with a trident!
You die...

.# .# .. .# .#
..### ## .## ....
# #.###.# ...#
#.## #.#..##
#?..## ..#
#....##.#...# ..#
##..)@o....#
#.###....#.##.....
#)#))...)....##..
#.##)....>....
####<..###...#
##### #.## .# #


You could see an orc warrior.

Vanquished Creatures
  Pikel (D:5)
  Sigmund (D:4)
  Duvessa (D:6)
  A water moccasin (D:3)
  2 phantoms
  2 ogres
  A centaur (D:6)
  2 giant frogs
  A gnoll sergeant (D:7)
  Dowan (D:6)
  3 wights (D:6)
  A howler monkey (D:5)
  3 crimson imps (D:6)
  A centaur zombie (D:6)
  An orc wizard (D:7)
  2 orc priests (D:5)
  A centaur skeleton (D:5)
  An iguana (D:4)
  3 worker ants
  Natasha (twice) (D:4)
  9 gnolls
  9 adders
  3 shadow imps (D:5)
  2 oozes
  An adder skeleton (D:5)
  2 worms
  2 dart slugs (D:1)
  9 giant geckos
  12 orcs
  8 giant cockroaches
  15 goblins
  8 hobgoblins
  10 jackals
  8 kobolds
  9 bats
  A giant gecko zombie (D:5)
  6 giant newts
  10 rats
155 creatures vanquished.

Vanquished Creatures (others)
  2 slaves
  A crimson imp (D:6)
  An orc priest (D:6)
  A hound (D:7)
  A worker ant (D:6)
  A worker ant zombie (D:6)
  A giant gecko (D:6)
8 creatures vanquished.

Grand Total: 163 creatures vanquished

Notes
Turn   | Place    | Note
--------------------------------------------------------------
     0 | D:1      | varam the Draconian Skald began the quest for the Orb.
     0 | D:1      | Reached XP level 1. HP: 17/17 MP: 3/3
   247 | D:1      | Reached XP level 2. HP: 21/25 MP: 0/5
   495 | D:1      | Learned a level 2 spell: Song of Slaying
   688 | D:1      | Reached skill level 2 in Dodging
   762 | D:1      | Reached XP level 3. HP: 12/30 MP: 0/6
  1127 | D:2      | Found a burning altar of Makhleb.
  1592 | D:2      | Reached XP level 4. HP: 29/38 MP: 0/7
  2284 | D:3      | Reached skill level 3 in Dodging
  2527 | D:3      | Noticed an ogre
  2543 | D:3      | Killed an ogre
  2543 | D:3      | Reached XP level 5. HP: 29/45 MP: 1/8
  2575 | D:3      | Learned a level 3 spell: Regeneration
  2593 | D:3      | Reached skill level 4 in Dodging
  2697 | D:3      | Found a glowing golden altar of the Shining One.
  2725 | D:3      | Noticed a water moccasin
  2731 | D:3      | Killed a water moccasin
  2731 | D:3      | Reached XP level 6. HP: 30/51 MP: 5/9
  2982 | D:3      | Found a faded altar to an unknown god.
  2992 | D:3      | Became a worshipper of Vehumet
  2992 | D:3      | Reached * piety under Vehumet
  2992 | D:3      | Offered knowledge of Magic Dart by Vehumet.
  3281 | D:4      | Reached skill level 5 in Dodging
  3915 | D:4      | Noticed Sigmund
  3931 | D:4      | Killed Sigmund
  3931 | D:4      | Your scales start taking on a rich purple colour.
  3931 | D:4      | Reached skill level 5 in Charms
  3931 | D:4      | Reached XP level 7. HP: 47/57 MP: 4/10
  3977 | D:4      | Noticed Natasha
  3986 | D:4      | Killed Natasha
  3986 | D:4      | Reached skill level 6 in Dodging
  4097 | D:4      | Found a deep blue altar of Sif Muna.
  4710 | D:4      | Noticed Natasha
  4714 | D:4      | Killed Natasha
  4805 | D:5      | Entered Level 5 of the Dungeon
  4854 | D:5      | Found a staircase to the Ecumenical Temple.
  4969 | D:5      | Reached XP level 8. HP: 30/63 MP: 11/11
  5252 | D:5      | Found Ziorevic's Assorted Antiques.
  5259 | D:5      | Bought a bone wand for 96 gold pieces
  5297 | D:5      | Reached ** piety under Vehumet
  5297 | D:5      | Offered knowledge of Sandblast by Vehumet.
  5338 | D:5      | Reached skill level 7 in Dodging
  5710 | D:6      | Noticed Pikel
  5748 | D:5      | HP: 3/63 [Pikel/whip of freezing (8)]
  5749 | D:5      | Killed Pikel
  5749 | D:5      | Reached skill level 8 in Dodging
  6720 | D:6      | Noticed Dowan
  6721 | D:6      | Noticed Duvessa
  6727 | D:6      | Killed Dowan
  6727 | D:6      | Reached XP level 9. HP: 41/69 MP: 6/12
  6738 | D:6      | Killed Duvessa
  7003 | D:6      | Reached skill level 9 in Dodging
  7196 | D:7      | Offered knowledge of Mephitic Cloud by Vehumet.
  7236 | D:7      | Reached *** piety under Vehumet
  7310 | D:7      | Slain by an orc warrior

Vault maps used:
D:1:      wheals_arrival_shading
D:2:      bloody_makhleb
D:3:      tso_altar, first_bread, ecumenical_altar_2, minmay_ogre_servants
D:4:      grunt_ministairs_3, lemuel_blue_sif_altar, uniq_sigmund, uniq_natasha
D:5:      minmay_temple_entry_overgrown, serial_shops, kennysheep_little_box
D:6:      uniq_pikel, uniq_duvessa

Skill      XL: |  1  2  3  4  5  6  7  8  9 |
---------------+----------------------------+-----
Charms         | 3 4 5 6 8 |  8.2
Dodging        | 2 3 4 5 6 8 9 |  9.1
Fighting       | 3 4 |  4.1
Long Blades    | |  2.0
Spellcasting   | |  2.4

Action                   |  1- 3 |  4- 6 |  7- 9 || total
-------------------------+-------+-------+-------++-------
Melee: Falchion          |   102 |    24 |       ||   126
       Tailslap          |     7 |     7 |    20 ||    34
       War axe           |       |   119 |   236 ||   355
 Cast: Infusion          |    18 |    18 |    26 ||    62
       Song of Slaying   |     5 |     8 |    12 ||    25
       Regeneration      |       |     2 |     4 ||     6
Evoke: Wand              |       |       |     2 ||     2
 Stab: Distracted        |     1 |       |       ||     1
  Eat: Chunk             |     2 |     1 |     6 ||     9
       Bread ration      |     1 |     1 |     2 ||     4
       Beef jerky        |       |       |     1 ||     1
Armor: Skin              |    36 |    48 |    56 ||   140
Dodge: Dodged            |    89 |   111 |   271 ||   471
